 Dungeon Crawl Stone Soup version 0.32-a0-909-gc671339a80 (webtiles) character file.

Game seed: 12677955465116742023

2417 ForkInBrain the Conjurer (level 9, 0/50 HPs)
             Began as a Gargoyle Hedge Wizard on Apr 5, 2024.
             Was a Follower of Vehumet.
             Slain by a wight
             ... wielding a +4 hand axe of freezing
              (4 damage)
             ... on level 5 of the Dungeon on Apr 6, 2024.
             The game lasted 00:52:27 (10767 turns).

ForkInBrain the Conjurer (Gargoyle Hedge Wizard)   Turns: 10767, Time: 00:52:28

Health: 0/50       AC: 12    Str: 14    XL:     9   Next: 47%
Magic:  27/28      EV: 11    Int: 19    God:    Vehumet [*.....]
Gold:   328        SH:  0    Dex:  9    Spells: 14/21 levels left

rFire   . . .        j - staff of conjuration
rCold   . . .        (no shield)
rNeg    + . .        b - +0 robe
rPois   ∞            u - +0 helmet
rElec   +            (no cloak)
rCorr   +            y - +0 pair of gloves
SInv    .            r - +1 pair of boots
Will    .....        t - amulet of magic regeneration
Stlth   ++           q - ring of magical power
HPRegen 0.28/turn    L - ring of resist corrosion
MPRegen 0.61/turn

%: no passive effects
@: invisible
A: sickness immunity, AC +6, negative energy resistance 1, electricity
resistance, torment resistance 1, petrification resistance
a: Renounce Religion


You were on level 5 of the Dungeon.
You worshipped Vehumet.
Vehumet was aware of your devotion.
You visited 2 branches of the dungeon, and saw 8 of its levels.
You also visited: Sewer and Bailey.

You collected 328 gold pieces.

Inventory:

Hand Weapons
 a - a +0 dagger
 x - a +0 dagger of venom
Missiles
 e - 96 stones
 k - 24 poisoned darts
 w - 3 curare-tipped darts
Armour
 b - a +0 robe (worn)
 c - a +0 hat
 r - a +1 pair of boots (worn)
 u - a +0 helmet (worn)
 y - a +0 pair of gloves (worn)
 G - a +0 leather armour of willpower
Magical Staves
 i - a staff of earth
 j - a staff of conjuration (weapon)
Jewellery
 q - a ring of magical power (left hand)
 t - an amulet of magic regeneration (around neck)
 L - a ring of resist corrosion (right hand)
 M - a ring of see invisible
Talismans
 v - a talisman of death
Wands
 h - a wand of polymorph (10)
Scrolls
 g - 2 scrolls of enchant weapon
 m - 4 scrolls of poison {unknown}
 n - a scroll of immolation {unknown}
 o - 2 scrolls of blinking {unknown}
 p - 4 scrolls of teleportation {unknown}
 A - a scroll of fear
 H - a scroll of fog {unknown}
 J - a scroll of noise {unknown}
 K - 3 scrolls of vulnerability {unknown}
Potions
 d - 3 potions of magic
 f - 2 potions of brilliance
 l - 4 potions of curing
 s - 3 potions of cancellation
 B - 2 potions of mutation {unknown}
 C - 3 potions of resistance {unknown}
 D - 2 potions of attraction
 E - a potion of heal wounds {unknown}
 F - a potion of lignification {unknown}
 I - 2 potions of might {unknown}


   Skills:
 + Level 3.1 Fighting
 + Level 0.2 Short Blades
 * Level 1.9 Staves
 + Level 3.0 Dodging
 - Level 3.0 Stealth
 - Level 6.7 Spellcasting
 + Level 6.9 Conjurations
 + Level 0.8 Hexes
 - Level 4.4 Summonings
 + Level 0.8 Translocations
 - Level 2.2 Air Magic
 - Level 2.1 Alchemy


You had 14 spell levels left.
You knew the following spells:

 Your Spells              Type           Power      Damage    Failure   Level
a - Magic Dart            Conj           100%       1d8       1%          1
b - Slow                  Hex            36%        N/A       8%          1
c - Mephitic Cloud        Conj/Alch/Air  31%        N/A       7%          3
i - Call Imp              Summ           46%        N/A       2%          2

Your spell library contained the following spells:

 Spells                   Type           Power      Damage    Failure   Level
 Freeze                   Ice            24%        1d4       11%         1
 Blink                    Tloc           18%        N/A       11%         2
 Lesser Beckoning         Tloc           18%        N/A       11%         2
 Ensorcelled Hibernation  Hex/Ice        16%        N/A       13%         2
 Swiftness                Air            14%        N/A       13%         3
 Maxwell's Portable Pile  Tloc           9%         2d(6-16)  22%         3
 Teleport Other           Tloc           9%         N/A       22%         3
 Passwall                 Erth           6%         N/A       30%         3
 Martyr's Knell           Necr/Summ      14%        N/A       38%         4
 Dispel Undead            Necr           6%         3d8       71%         4
 Cigotuvi's Dreadful Rot  Necr/Alch/Air  Unusable   N/A       N/A         2

Dungeon Overview and Level Annotations

Branches:
Dungeon (7/15)             Temple (1/1) D:4           Sewer (visited)
 Bailey (visited)

Altars:
Ashenzari
Cheibriados
Elyvilon
Fedhas
Gozag
Hepliaklqana
Makhleb
Nemelex Xobeh
Okawaru
Ru
Trog
Uskayaw
Vehumet
Wu Jian
Yredelemnul
Zin
The Shining One

Annotations:
D:6 1 runed translucent door, exclusion: door, Crazy Yiuf


Innate Abilities, Weirdness & Mutations

You are immune to sickness and miasma.
Your stone body is resilient. (AC +6)
You are immune to poison.
You resist negative energy. (rN+)
You are resistant to electric shocks. (rElec)
You are resistant to unholy torment.
You are immune to petrification.


Message History

The wight is heavily damaged.
The wight hits you with a +4 hand axe of freezing.
* * * LOW HITPOINT WARNING * * *
The wight freezes you.
* * * LOW HITPOINT WARNING * * *
You hit the wight but do no damage.
The wight is heavily damaged.
The wight closely misses you.
Your magical contamination has completely faded away.
You hit the wight but do no damage.
The wight is heavily damaged.
The wight hits you with a +4 hand axe of freezing.
* * * LOW HITPOINT WARNING * * *
The wight freezes you.
* * * LOW HITPOINT WARNING * * *
Casting: Call Imp (safe; 2% risk of failure)
Confirm with . or Enter, or press ? or * to list all spells.
A tiny devil pulls itself out of the air.
The wight hits you with a +4 hand axe of freezing.
* * * LOW HITPOINT WARNING * * *
The wight freezes you.
* * * LOW HITPOINT WARNING * * *
Aiming: Magic Dart (safe; 1% risk of failure)
Press: ? - help, Q - select action, (/) - cycle Shift-Dir - straight line, f/p - wight
Aim: a wight, wielding a +4 hand axe of freezing and wearing a +0 robe (heavily damaged, ally target, 100% to hit)
You feel a surge of power!
The magic dart hits the wight but does no damage.
The wight is heavily damaged.
The wight hits you with a +4 hand axe of freezing.
* * * LOW HITPOINT WARNING * * *
The wight freezes you.
* * * LOW HITPOINT WARNING * * *
Okay, then.
Okay, then.
Press: ? - help, v - describe, . - travel
Here: a wight, wielding a +4 hand axe of freezing and wearing a +0 robe (heavily damaged, ally target)
The floor.
You fade into invisibility!
The wight hits you with a +4 hand axe of freezing.
You die...

#.###...####.........####.....##
#.......# ##.......## ##....#
#######.# ##.....## ###.##
#.#######...## #.#
#.##.......##### #.#
#.##.##........# #.#
#.##.##....##..# #.#
#.##....5...#..#######.#
#.....#..@...........).#
####.##..z....##########
#.##.#...#.# #.##.#..##.#
#..........# #######.#### #.#
#.# #.#


You could see a wight (unable to see you, ally target) and a friendly cerulean
imp (summoned).

Vanquished Creatures
  Eustachio (D:5)
  A water moccasin (D:6)
  2 black bears
  5 ogres
  A phantom (D:5)
  6 kobold brigands (Sewer)
  2 bullfrogs (D:6)
  3 scorpions
  A wight (D:7)
  A bombardier beetle (D:5)
  3 orc priests
  A gnoll bouda (D:6)
  4 hounds
  A sleepcap (D:5)
  2 iguanas
  2 orc wizards
  4 gnolls (D:6)
  11 adders
  3 river rats (Sewer)
  3 dart slugs
  5 ribbon worms
  19 orcs
  8 ball pythons
  3 bats
  14 endoplasms
  4 giant cockroaches
  9 goblins
  3 hobgoblins
  4 jackals (D:1)
  5 kobolds
  4 quokkas
  2 frilled lizards
  8 rats
  A spectral orc (D:6)
146 creatures vanquished.

Vanquished Creatures (collateral kills)
  A jelly (D:5)
  A kobold (Sewer)
2 creatures vanquished.

Vanquished Creatures (others)
  An arcanist (D:3)
1 creature vanquished.

Grand Total: 149 creatures vanquished

Notes
Turn   | Place    | Note
-------+----------+-------------------------------------------
     0 | D:1      | ForkInBrain the Gargoyle Hedge Wizard began the quest for
                  | the Orb.
     0 | D:1      | Reached XP level 1. HP: 10/10 MP: 4/4
    65 | D:1      | Learned a level 1 spell: Slow
   413 | D:1      | Reached XP level 2. HP: 7/15 MP: 4/6
  1233 | D:1      | Learned a level 2 spell: Call Imp
  1370 | D:2      | Found a burning altar of Makhleb.
  1508 | D:2      | Reached XP level 3. HP: 19/19 MP: 8/8
  2400 | D:3      | Reached XP level 4. HP: 24/24 MP: 9/9
  2400 | D:3      | Found a glowing drain.
  2453 | Sewer    | Entered a sewer
  2611 | Sewer    | Noticed a kobold brigand
  2629 | Sewer    | Killed a kobold brigand
  2630 | Sewer    | Reached skill level 1 in Summonings
  2630 | Sewer    | Reached XP level 5. HP: 22/28 MP: 4/11
  3268 | Sewer    | Noticed a kobold brigand
  3295 | Sewer    | Killed a kobold brigand
  3296 | Sewer    | Reached XP level 6. HP: 15/33 MP: 7/12
  3740 | Sewer    | Reached XP level 7. HP: 34/37 MP: 12/14
  3830 | Sewer    | Reached skill level 5 in Spellcasting
  4221 | D:3      | Learned a level 3 spell: Mephitic Cloud
  4909 | D:3      | Found a broken altar of Ashenzari.
  5009 | D:3      | Found a bloodstained altar of Trog.
  5034 | D:3      | Noticed a wizard
  5039 | D:3      | Killed a wizard
  5393 | D:4      | Reached skill level 1 in Air Magic
  5393 | D:4      | Reached skill level 1 in Alchemy
  5898 | D:4      | Found a staircase to the Ecumenical Temple.
  5907 | Temple   | Entered the Ecumenical Temple
  5916 | Temple   | Became a worshipper of Vehumet
  6022 | D:4      | Reached skill level 5 in Conjurations
  6022 | D:4      | Reached XP level 8. HP: 42/42 MP: 15/15
  6265 | D:5      | Entered Level 5 of the Dungeon
  6327 | D:5      | Reached skill level 1 in Fighting
  7756 | D:5      | Found a glowing silver altar of Zin.
  7940 | D:5      | Reached skill level 1 in Staves
  8063 | D:6      | Noticed Eustachio
  8078 | D:5      | Killed Eustachio
  8078 | D:5      | Reached * piety under Vehumet
  8078 | D:5      | Offered knowledge of Freeze by Vehumet.
  8142 | D:6      | Reached XP level 9. HP: 41/47 MP: 18/18
  8969 | D:6      | Found a snail-covered altar of Cheibriados.
  9277 | D:6      | Identified the +10 mace "Nuerch" {drain, MP-9 Str-3 Dex+5}
  9406 | D:6      | Found a runed translucent door.
  9407 | D:6      | Noticed Crazy Yiuf
  9465 | D:6      | Found a hazy altar of Hepliaklqana.
  9850 | D:6      | Found a snail-covered altar of Cheibriados.
  9875 | D:6      | Found a runed translucent door.
 10200 | D:7      | Found a flagged portal.
 10237 | Bailey   | Entered a bailey
 10518 | D:7      | Upgraded the game from 0.32-a0-900-g30fb1b0edc to
                  | 0.32-a0-909-gc671339a80
 10767 | D:5      | Slain by a wight

Illustrated notes

Levels and vault maps discovered:
D:1:      minmay_arrival_shattered_statue, layout_loops_ring, minivault_14,
          dk_noncrumbling_2, serial_bayou_lagoon_a
D:2:      layout_loops_ring, basic_altar, kennysheep_flooded_box
D:3:      layout_basic, mainiacjoe_overflow_alcove_1, trog_wizard,
          portal_sewer_entry_d
D:4:      layout_basic, minmay_temple_entry_ruins
D:5:      layout_loops_corners, lemuel_coloured_pillars_altar
D:6:      layout_rooms, nicolae_hepliaklqana_monster_ancestors,
          cheibriados_altar_1, uniq_eustachio, uniq_crazy_yiuf_cottage
D:7:      layout_rooms, nicolae_dithmenos_through_a_glass_darkly,
          enter_bailey_3, uniq_maurice, uniq_maggie
Temple:   nicolae_temple_ecumenical_triangle

Skill      XL: |  1  2  3  4  5  6  7  8  9 |
---------------+----------------------------+-----
Dodging        | 2 3 |  3.0
Conjurations   | 2 3 5 6 |  6.9
Spellcasting   | 4 5 6 |  6.7
Summonings     | 1 2 3 4 |  4.4
Air Magic      | 1 2 |  2.2
Alchemy        | 2 |  2.1
Fighting       | 1 3 |  3.1
Staves         | 1 |  1.9
Stealth        | 3 |  3.0
Short Blades   | |  0.2
Hexes          | |  0.8
Translocations | |  0.8

Action                     |  1- 3 |  4- 6 |  7- 9 || total
---------------------------+-------+-------+-------++-------
  Melee: Dagger            |    62 |       |       ||    62
         Staff             |    13 |     4 |   136 ||   153
   Cast: Magic Dart        |    82 |   112 |   337 ||   531
         Call Imp          |       |     4 |    23 ||    27
         Mephitic Cloud    |       |       |    14 ||    14
         Slow              |       |       |     2 ||     2
    Use: Scroll            |       |       |     8 ||     8
         Potion            |       |       |     1 ||     1
   Stab: Confused          |       |       |     1 ||     1
 Armour: Robe              |    59 |    29 |   167 ||   255
  Dodge: Dodged            |    78 |    20 |   151 ||   249

Table legend: (Time is in decaauts)
 A = Elapsed time spent in this place.
 B = Non-inter-level travel time spent in this place.
 C = Inter-level travel time spent in this place.
 D = Time resting spent in this place.
 E = Time spent auto-exploring this place.
 F = Levels seen in this place.
 G = Mean time per level.
                   A        B        C        D        E       F      G
               +--------+--------+--------+--------+--------+-----+--------+
         Total |  11003 |  10138 |    865 |   2979 |   4661 |  10 | 1100.3 |
       Dungeon |   9102 |   8245 |    857 |   2059 |   4345 |   7 | 1300.3 |
        Temple |     18 |     10 |      8 |      0 |      0 |   1 |   18.0 |
         Sewer |   1844 |   1844 |      0 |    906 |    316 |   1 | 1844.0 |
        Bailey |     37 |     37 |      0 |     14 |      0 |   1 |   37.0 |
               +--------+--------+--------+--------+--------+-----+--------+

Top non-repeatable levels by time:
     D:5: 1942 daAuts
     D:6: 1892 daAuts
   Sewer: 1844 daAuts
     D:1: 1320 daAuts
     D:3: 1229 daAuts
     D:4: 1178 daAuts
     D:2: 1022 daAuts
     D:7: 516 daAuts
  Bailey: 37 daAuts
  Temple: 18 daAuts
